 Dungeon Crawl Stone Soup version 0.21-a0-91-ga5031da (webtiles) character file.

52266 4thArraOfDagon the Severer (level 14, -2/116 HPs)
             Began as a Minotaur Warper on June 29, 2017.
             Was a High Priest of Okawaru.
             Killed from afar by a war gargoyle (44 damage)
             ... with a spray of metal splinters
             ... on level 2 of the Depths.
             The game lasted 00:37:56 (8597 turns).

4thArraOfDagon the Severer (Minotaur Warper)        Turns: 8597, Time: 00:37:57

Health: -2/116     AC: 21    Str: 21    XL:     14   Next: 26%
Magic:  12/28      EV: 16    Int: 18    God:    Okawaru [*****.]
Gold:   459        SH:  0    Dex: 21    Spells: 9/15 levels left

rFire    . . .     SeeInvis .   E - +7 executioner's axe of Stickiness {drain, rElec rC+ MR+ MP+9}
rCold    + + +     Gourm    .   (shield currently unavailable)
rNeg     + . .     Faith    .   a - +2 plate armour {rC+}
rPois    .         Spirit   .   (helmet unavailable)
rElec    +         Reflect  .   (no cloak)
rCorr    .         Harm     .   K - +1 pair of gloves
MR       +++..     Rnd*Tele +   P - +1 pair of boots of Untruth {rF+ Int+2 Dex+4 Stlth+}
Stlth    ..........             Z - amulet of regeneration
HPRegen  0.69/turn              I - ring "Goacwoykh" {Ice rN+ Dex+6}
MPRegen  0.21/turn              Q - +5 ring of strength

@: heroism, finesse, studying Shields
A: retaliatory headbutt, horns 3, clever 1, deformed body, magic resistance 1,
electricity resistance, teleportitis 1, no potion heal 1
a: Heroism, Finesse, Renounce Religion


You were on level 2 of the Depths.
You worshipped Okawaru.
Okawaru was extremely pleased with you.
You were not hungry.

You visited 3 branches of the dungeon, and saw 19 of its levels.
You also visited: Bailey.

You collected 1794 gold pieces.
You spent 1335 gold pieces at shops.

Inventory:

Hand Weapons
 l - the +8 lance "Wyrmbane" {slay drac, rPois rF+ rC+ AC+3}
   (You found it on level 14 of the Dungeon)

   It affects your AC (+3).
   It protects you from fire.
   It protects you from cold.
   It protects you from poison.
 w - the +0 war axe "Isuhusiaro" {speed, +Inv rPois}
   (You found it on level 14 of the Dungeon)

   Attacks with this weapon are significantly faster.
   It protects you from poison.
   It lets you turn invisible.
 y - a +2 hand axe of draining
 E - the +7 executioner's axe of Stickiness (weapon) {drain, rElec rC+ MR+ MP+9}
   (Okawaru gifted it to you in a bailey)

   A truly terrible weapon, it drains the life of those it strikes.
   It protects you from cold.
   It insulates you from electricity.
   It affects your resistance to hostile enchantments.
   It affects your magic capacity (+9).
 H - a +4 executioner's axe of flaming
Missiles
 e - a tomahawk of dispersal (quivered)
 V - 10 javelins of penetration
Armour
 a - a +2 plate armour of cold resistance (worn)
 b - a +0 leather armour
 n - a +2 hat
 o - a +0 ring mail
 q - a +0 chain mail
 J - a +0 plate armour
 K - a +1 pair of gloves (worn)
 M - the +0 pair of boots "Jyalyuda" {*Drain Regen+ SInv}
   (You found it on level 9 of the Dungeon)

   It lets you see invisible.
   It increases your rate of regeneration.
   It causes draining when unequipped.
 P - the +1 pair of boots of Untruth (worn) {rF+ Int+2 Dex+4 Stlth+}
   (Okawaru gifted it to you on level 11 of the Dungeon)

   It affects your intelligence (+2).
   It affects your dexterity (+4).
   It protects you from fire.
   It makes you more stealthy.
 U - a +2 chain mail of cold resistance
 W - a +2 chain mail of cold resistance
Jewellery
 m - an uncursed ring of fire
 B - a +2 ring of strength
 F - an uncursed ring of flight
 I - the ring "Goacwoykh" (left hand) {Ice rN+ Dex+6}
   (You bought it in a shop on level 2 of the Orcish Mines)

   [ring of ice]

   It enhances your ice magic.
   It affects your dexterity (+6).
   It makes you vulnerable to fire.
   It protects you from cold.
   It protects you from negative energy.
 N - an uncursed ring of stealth
 Q - a +5 ring of strength (right hand)
 Z - an amulet of regeneration (around neck)
Wands
 h - a wand of flame (21/48)
 L - a wand of scattershot (4/9)
 O - a wand of iceblast (9/15)
Scrolls
 d - 2 scrolls of blinking
 i - 4 scrolls of remove curse
 r - 2 scrolls of teleportation
 s - 4 scrolls of recharging
 v - a scroll of immolation
 x - 5 scrolls of enchant weapon
Potions
 k - a potion of resistance
 t - a potion of degeneration
 A - 3 potions of cancellation
 C - 3 potions of might
 D - 3 potions of ambrosia
 G - 2 potions of lignification
 S - a potion of haste
 T - 2 potions of curing
Books
 c - a manual of Shields
Miscellaneous
 R - a box of beasts
Comestibles
 f - 9 bread rations
 u - 5 meat rations


   Skills:
 - Level 8.3(13.3) Fighting
 * Level 19.6(24.6) Axes
 - Level 1.0(6.0) Throwing
 + Level 14.4(19.4) Armour
 - Level 7.5(12.5) Dodging
 - Level 1.3 Spellcasting
 - Level 2.1 Translocations
 - Level 9.2 Invocations


You had 9 spell levels left.
You knew the following spells:

 Your Spells              Type           Power        Failure   Level  Hunger
a - Blink                 Tloc           N/A          65%         2    ###....
b - Passage of Golubria   Tloc           N/A          99%         4    #####..


Dungeon Overview and Level Annotations

Branches:
Dungeon (15/15)              Lair (0/6) D:9             Orc (2/2) D:12
    Elf (0/3) Orc:2        Vaults (0/5) D:13         Depths (2/5) D:15
 Temple: D:4-7

Altars:
Ashenzari
Gozag
Makhleb
Nemelex Xobeh
Okawaru
Trog
Xom
Yredelemnul

Shops:
Orc:1 !((   Orc:2 :=:}}:::

Portals:
Hell: Depths:2
Pandemonium: Depths:1

Annotations:
D:1 1 exclusion
D:8 Ijustatesigmund's ghost, novice NaFi


Innate Abilities, Weirdness & Mutations

You reflexively headbutt those who attack you in melee.
You have a pair of large horns on your head.
Your mind is acute. (Int +2)
Armour fits poorly on your strangely shaped body.
You are resistant to hostile enchantments. (MR+)
You are resistant to electric shocks. (rElec)
You are occasionally teleported next to monsters.
Potions are less effective at restoring your health.


Message History

The war gargoyle hits you but does no damage.
Unknown command.
Unknown command.
You barely miss the war gargoyle.
The war gargoyle is heavily damaged.
You slice something!!
Unknown command.
Unknown command.
Okay, then.
Your system partially rejects the healing.
You feel much better. The war gargoyle barely misses you.
Something hits you but does no damage.
Unknown command.
Unknown command.
You slash the war gargoyle!
The war gargoyle is severely damaged.
You hit something but do no damage.
The war gargoyle launches metal splinters at you.
The spray of metal splinters hits you!
You die...

* , , , +* , ,* +
* , # ..... , .#
..Dw. * ..#
*#...#########...#
#...#...+.....!..
#...#.#.#.9..)≈!.
...#....@{..."..
##+##...#####...#
* #.......[...#,,
# +.#...#...#.# *
#...........#
,#####)..#####+ +
, ,, ,#.).# |.#
#.#.#,∩.# , ,
#.(.#...# ,, ,


You could see a war gargoyle.

Vanquished Creatures
  A quicksilver dragon (Depths:2)
  A tengu reaver (Depths:2)
  A stone giant (Depths:1)
  A deep elf annihilator (Depths:2)
  A crystal guardian (Depths:2)
  Harold (Orc:1)
  4 vault guards (D:13)
  2 ice dragons (D:15)
  Erica (D:9)
  2 centaur warriors (D:14)
  4 two-headed ogres
  3 death yaks (D:9)
  2 tengu warriors
  3 orc high priests (Orc:2)
  A deep troll earth mage (Depths:2)
  3 unseen horrors
  2 wizards (D:14)
  6 orc knights
  17 ugly things
  An orb spider (shapeshifter) (D:14)
  5 orc sorcerers
  A cyclops (D:14)
  A black mamba (shapeshifter) (D:14)
  2 gargoyles
  3 kobold demonologists
  A komodo dragon (D:10)
  A tengu conjurer (D:15)
  A meliai (D:14)
  5 trolls
  2 slime creatures (D:12)
  3 hippogriffs
  A shadow (D:15)
  3 wraiths
  16 yaks
  A wyvern (D:14)
  3 vampire mosquitoes (D:15)
  2 wargs (Orc:1)
  A soldier ant (D:15)
  33 orc warriors
  2 sky beasts
  A phantom (D:14)
  A black bear (D:11)
  A necrophage (D:9)
  8 ogres
  4 centaurs (D:6)
  A crocodile (D:14)
  3 big kobolds
  4 bullfrogs
  A gnoll sergeant (D:11)
  A wyvern skeleton (D:14)
  4 killer bees (D:7)
  5 crimson imps
  2 centaur zombies
  3 quasits
  A bullfrog zombie (D:10)
  8 hounds
  A jelly (D:14)
  11 orc priests
  5 human zombies (D:9)
  21 orc wizards
  A bullfrog skeleton (D:13)
  5 centaur skeletons
  Jessica (D:3)
  10 worker ants
  A human skeleton (D:9)
  2 iguanas (D:9)
  A hell rat (D:9)
  A hound zombie (D:5)
  A hound skeleton (D:6)
  2 mummies (D:9)
  9 gnolls
  A river rat (D:9)
  8 adders
  2 shadow imps
  An adder skeleton (D:4)
  A dart slug (D:1)
  3 leopard geckos
  70 orcs
  2 ball pythons
  3 bats
  4 giant cockroaches
  12 goblins
  3 hobgoblins (D:7)
  7 jackals
  5 quokkas
  A frilled lizard (D:3)
  13 kobolds
  A leopard gecko skeleton (D:5)
  An orc zombie (D:9)
  2 quokka skeletons
  5 rats
409 creatures vanquished.

Notes
Turn   | Place    | Note
-------+----------+-------------------------------------------
     0 | D:1      | 4thArraOfDagon the Minotaur Warper began the quest for the Orb.
     0 | D:1      | Reached XP level 1. HP: 18/18 MP: 1/1
    95 | D:3      | Reached XP level 2. HP: 25/25 MP: 3/3
   106 | D:3      | Reached skill level 3 in Axes
   299 | D:4      | Noticed a scorpion
   365 | D:5      | Entered Level 5 of the Dungeon
   373 | D:5      | Reached XP level 3. HP: 20/30 MP: 4/4
   443 | D:5      | Reached XP level 4. HP: 12/38 MP: 5/5
   660 | D:5      | Noticed an ogre
   667 | D:5      | Killed an ogre
   667 | D:5      | Reached skill level 4 in Axes
   667 | D:5      | Reached XP level 5. HP: 45/45 MP: 6/6
   781 | D:5      | Reached skill level 5 in Axes
   892 | D:6      | Noticed a centaur
   907 | D:6      | Reached XP level 6. HP: 24/52 MP: 7/7
   948 | D:6      | HP: 2/52 [centaur (6)]
  1192 | D:6      | Reached skill level 6 in Axes
  1192 | D:6      | Reached XP level 7. HP: 37/60 MP: 8/8
  1405 | D:5      | Found an opulent altar of Gozag.
  1540 | D:5      | NO OTHR OPTIONS
  1612 | D:6      | Reached skill level 5 in Fighting
  1628 | D:6      | Reached skill level 7 in Axes
  1891 | D:6      | Reached skill level 5 in Dodging
  1963 | D:7      | Reached skill level 5 in Armour
  1963 | D:7      | Reached XP level 8. HP: 62/68 MP: 9/9
  1986 | D:7      | Found an iron altar of Okawaru.
  1996 | D:7      | Became a worshipper of Warmaster Okawaru
  2040 | D:7      | Reached skill level 1 in Invocations
  2188 | D:5      | Found a bloodstained altar of Trog.
  2214 | D:4      | Reached skill level 8 in Axes
  2329 | D:3      | Noticed Jessica
  2333 | D:3      | Killed Jessica
  2586 | D:2      | Found a bloodstained altar of Trog.
  2587 | D:2      | Found a sparkling altar of Nemelex Xobeh.
  3135 | D:7      | Reached * piety under Okawaru
  3142 | D:7      | Found a shattered altar of Ashenzari.
  3187 | D:8      | Found a burning altar of Makhleb.
  3265 | D:8      | Reached skill level 9 in Axes
  3272 | D:8      | Reached XP level 9. HP: 33/74 MP: 8/10
  3289 | D:8      | Reached ** piety under Okawaru
  3289 | D:8      | Reached skill level 10 in Axes
  3335 | D:8      | Noticed Ijustatesigmund's ghost (novice NaFi)
  3745 | D:9      | Got a pair of transparent boots
  3751 | D:9      | Identified the cursed +0 pair of boots "Jyalyuda" {*Drain Regen+ SInv} (You found it on level 9 of the Dungeon)
  3762 | D:9      | Noticed a death yak
  3775 | D:9      | Noticed a death yak
  3775 | D:9      | Noticed a death yak
  3783 | D:9      | Killed a death yak
  3783 | D:9      | Reached *** piety under Okawaru
  3783 | D:9      | Reached skill level 11 in Axes
  3783 | D:9      | Reached skill level 5 in Invocations
  3794 | D:9      | Killed a death yak
  3794 | D:9      | Reached XP level 10. HP: 40/81 MP: 10/13
  3831 | D:10     | Entered Level 10 of the Dungeon
  3938 | D:9      | Killed a death yak
  3938 | D:9      | Reached **** piety under Okawaru
  3938 | D:9      | Reached skill level 12 in Axes
  3971 | D:9      | Noticed Erica
  3995 | D:9      | Killed Erica
  4007 | D:9      | Found a staircase to the Lair.
  4258 | D:9      | Reached skill level 13 in Axes
  4261 | D:9      | Found a basalt altar of Yredelemnul.
  4383 | D:12     | Noticed a gargoyle
  4402 | D:12     | Killed a gargoyle
  4402 | D:12     | Reached ***** piety under Okawaru
  4521 | D:11     | Noticed a two-headed ogre
  4533 | D:11     | Killed a two-headed ogre
  4577 | D:11     | Received a gift from Okawaru
  4577 | D:11     | Reached skill level 10 in Armour
  4577 | D:11     | Reached XP level 11. HP: 68/88 MP: 15/15
  4578 | D:11     | Got a pair of scorched boots {god gift}
  4744 | D:10     | Reached skill level 14 in Axes
  4965 | D:12     | Noticed a red ugly thing
  4976 | D:12     | Killed a red ugly thing
  5000 | D:12     | Gained mutation: Your body sometimes deteriorates upon taking damage. [mutagenic meat]
  5001 | D:12     | Gained mutation: Armour fits poorly on your strangely shaped body. [mutagenic meat]
  5002 | D:12     | Gained mutation: You are agile. (Dex +2) [mutagenic meat]
  5033 | D:12     | Noticed a two-headed ogre
  5041 | D:12     | Killed a two-headed ogre
  5181 | D:12     | Found a staircase to the Orcish Mines.
  5248 | Orc:1    | Entered Level 1 of the Orcish Mines
  5248 | Orc:1    | Found Lazyitod's Distillery.
  5252 | Orc:1    | Noticed Harold
  5284 | Orc:1    | Killed Harold
  5290 | Orc:1    | Bought 2 potions of might for 96 gold pieces
  5290 | Orc:1    | Bought a potion of haste for 120 gold pieces
  5290 | Orc:1    | Bought a potion of curing for 36 gold pieces
  5421 | Orc:1    | Noticed an orc sorcerer
  5444 | Orc:1    | Killed an orc sorcerer
  5463 | Orc:1    | Noticed an orc knight
  5497 | Orc:1    | Killed an orc knight
  5526 | Orc:2    | Entered Level 2 of the Orcish Mines
  5536 | Orc:2    | Found a staircase to the Elven Halls.
  5552 | Orc:2    | Found Gucaruyg's Book Shoppe.
  5570 | Orc:2    | Learned a level 2 spell: Blink
  5575 | Orc:2    | Learned a level 4 spell: Passage of Golubria
  5590 | Orc:2    | Found Feshrojal's Book Boutique.
  5605 | Orc:2    | :/
  5649 | Orc:2    | Noticed an orc high priest
  5685 | Orc:2    | Killed an orc high priest
  5685 | Orc:2    | Reached skill level 15 in Axes
  5770 | Orc:2    | Noticed an orc high priest
  5777 | Orc:2    | Killed an orc high priest
  5777 | Orc:2    | Reached XP level 12. HP: 97/97 MP: 14/17
  5787 | Orc:2    | Noticed an orc high priest
  5821 | Orc:2    | Killed an orc high priest
  6073 | Orc:2    | Paralysed by an orc sorcerer for 7 turns
  6283 | Orc:2    | Found Wiabumos's Book Shop.
  6283 | Orc:2    | Found Fokko's Book Shop.
  6284 | Orc:2    | Found Soluh's Gadget Shoppe.
  6289 | Orc:2    | Found Astinump's Gadget Shoppe.
  6394 | Orc:1    | Found Daashrem's Antique Weapon Emporium.
  6414 | Orc:1    | Found Dimpoll's Antique Weapon Shoppe.
  6508 | Orc:1    | Bought a runed broad axe for 217 gold pieces
  6541 | Orc:2    | Found Jogimit's Jewellery Emporium.
  6555 | Orc:2    | Bought an uncursed amulet of regeneration for 330 gold pieces
  6677 | Orc:2    | Found Aczetudd's Book Emporium.
  6745 | Orc:2    | Bought the ring "Goacwoykh" {Ice rN+ Dex+6} for 536 gold pieces
  7375 | D:14     | Got a dazzling war axe
  7400 | D:14     | Found a flagged portal.
  7407 | Bailey   | Entered a bailey
  7408 | Bailey   | Identified the +0 war axe "Isuhusiaro" {speed, +Inv rPois} (You found it on level 14 of the Dungeon)
  7508 | Bailey   | Reached skill level 16 in Axes
  7513 | Bailey   | Received a gift from Okawaru
  7514 | Bailey   | Got an encrusted executioner's axe {god gift}
  7573 | Bailey   | Identified the +7 executioner's axe of Stickiness {drain, rElec rC+ MR+ MP+9} (Okawaru gifted it to you in a bailey)
  7746 | D:15     | Entered Level 15 of the Dungeon
  7764 | D:15     | Noticed a tengu warrior
  7769 | D:15     | Killed a tengu warrior
  7772 | D:14     | Noticed a two-headed ogre
  7777 | D:14     | Reached XP level 13. HP: 105/108 MP: 18/18
  7798 | D:14     | Found a shimmering altar of Xom.
  7806 | D:14     | Received a gift from Okawaru
  7806 | D:14     | Reached skill level 17 in Axes
  7911 | D:14     | Received a gift from Okawaru
  8029 | D:13     | Found a gate to the Vaults.
  8053 | D:13     | Reached skill level 18 in Axes
  8073 | D:13     | Gained mutation: You possess an exceptional clarity of mind. [mutagenic meat]
  8077 | D:13     | Gained mutation: Your mind is acute. (Int +2) [mutagenic meat]
  8078 | D:13     | Gained mutation: You passively map a small area around you. [mutagenic meat]
  8079 | D:13     | Gained mutation: Potions are less effective at restoring your health. [mutagenic meat]
  8148 | D:14     | Received a gift from Okawaru
  8155 | D:14     | Gained mutation: You are resistant to electric shocks. (rElec) [mutagenic meat]
  8183 | D:14     | Received a gift from Okawaru
  8212 | D:14     | Gained mutation: Your spells are a little easier to cast, but a little less powerful. [mutagenic meat]
  8314 | D:15     | Lost mutation: Your body sometimes deteriorates upon taking damage. [mutagenic meat]
  8316 | D:15     | Gained mutation: You are occasionally teleported next to monsters. [mutagenic meat]
  8317 | D:15     | Gained mutation: Your flesh is cold resistant. (rC+) [mutagenic meat]
  8318 | D:15     | Lost mutation: You possess an exceptional clarity of mind. [mutagenic meat]
  8357 | D:15     | Reached skill level 19 in Axes
  8357 | D:15     | Reached XP level 14. HP: 92/116 MP: 19/19
  8361 | D:15     | Found a staircase to the Depths.
  8389 | Depths:1 | Entered Level 1 of the Depths
  8414 | Depths:1 | Identified the +1 pair of boots of Untruth {rF+ Int+2 Dex+4 Stlth+} (Okawaru gifted it to you on level 11 of the Dungeon)
  8432 | Depths:1 | Found a one-way gate leading to the halls of Pandemonium.
  8455 | Depths:1 | Noticed a stone giant
  8480 | Depths:1 | Killed a stone giant
  8492 | Depths:2 | Noticed a war gargoyle
  8492 | Depths:2 | Noticed a war gargoyle
  8493 | Depths:2 | Found a gateway to Hell.
  8493 | Depths:2 | Noticed a tengu reaver
  8513 | Depths:2 | Killed a tengu reaver
  8525 | Depths:2 | Lost mutation: Your spells are a little easier to cast, but a little less powerful. [potion of mutation]
  8525 | Depths:2 | Lost mutation: Armour fits poorly on your strangely shaped body. [potion of mutation]
  8525 | Depths:2 | Lost mutation: You are agile. (Dex +2) [potion of mutation]
  8525 | Depths:2 | Lost mutation: Your flesh is cold resistant. (rC+) [potion of mutation]
  8525 | Depths:2 | Lost mutation: You passively map a small area around you. [potion of mutation]
  8525 | Depths:2 | Gained mutation: Armour fits poorly on your strangely shaped body. [potion of mutation]
  8525 | Depths:2 | Gained mutation: You are resistant to hostile enchantments. (MR+) [potion of mutation]
  8525 | Depths:2 | Gained mutation: You have a pair of large horns on your head. [potion of mutation]
  8533 | Depths:2 | Noticed a storm dragon
  8565 | Depths:2 | Noticed a quicksilver dragon
  8575 | Depths:2 | Killed a quicksilver dragon
  8597 | Depths:2 | Killed from afar by a war gargoyle

Vault maps used:
D:1:      dpeg_arrival_prison, kennysheep_minor_cross, minmay_door_square
D:2:      gammafunk_temple_overflow_statue
D:3:      marbit_many_paths, kennysheep_generic_room_8, uniq_jessica
D:5:      nicolae_gozag_cash_rules_everything_around_me, basic_altar,
          first_bread
D:6:      small_statue_intersection
D:7:      lemuel_round_altar, okawaru_altar_gauntlet_db,
          overflow_temple_1_default, lemuel_doored_altar,
          minmay_temple_entry_statues_pillars
D:8:      kennysheep_mini_moat, uniq_maurice
D:9:      lemuel_mausoleum_altar_yredelemnul, dpeg_lair_monsters, the_bakery,
          uniq_erica
D:11:     serial_shops, shop
D:12:     orc_0_dummy, hangedman_abyss_or_decor_stabs
D:13:     lightli_vaults_fourway_checkpoint, uniq_erolcha
D:14:     minmay_distorted_concentric_squares, enter_bailey_3,
          kennysheep_decorative_pillar, tgw_xom
D:15:     grunt_enter_depths_hoard, dk_noncrumbling_4
Orc:1:    serial_shops, shop_coins, shop,
          nicolae_shop_competitors_out_of_business, uniq_harold
Orc:2:    st_orc_elflike, serial_shops, shop, nicolae_shop_trees,
          nicolae_shop_competitors_out_of_business,
          nicolae_shop_temple_entry_statues_fountains
Depths:1: minmay_open_boxes_in_corner, enter_ziggurat_d, hangedman_decor_lopped,
          pan_entry, hell_entry, abyss_entry, evilmike_minifort,
          kennysheep_random_hallway, firewood_loft, minmay_shop_grove,
          serial_bayou_shore_a, uniq_nikola
Depths:2: hangedman_crystal_crosses_colossus, hell_entry, serial_shops
Bailey:   bailey_polearm_2, bailey

Skill      XL: |  1  2  3  4  5  6  7  8  9 10 11 12 13 14 |
---------------+-------------------------------------------+-----
Axes           | 3 4 5 6 7 9 11 13 15 16 19 | 19.6
Armour         | 2 3 4 5 6 8 10 11 12 13 14 | 14.4
Fighting       | 3 4 5 6 8 |  8.3
Dodging        | 3 4 5 6 7 |  7.5
Invocations    | 3 5 7 8 9 |  9.2
Throwing       | |  1.0
Spellcasting   | |  1.3
Translocations | |  2.1

Action                   |  1- 3 |  4- 6 |  7- 9 | 10-12 | 13-15 || total
-------------------------+-------+-------+-------+-------+-------++-------
Melee: Hand axe          |    16 |       |   184 |   539 |       ||   739
       Headbutt          |     7 |     5 |    45 |   132 |    51 ||   240
       War axe           |    22 |    50 |    52 |       |       ||   124
       Battleaxe         |       |       |    99 |     7 |       ||   106
       Punch             |       |       |     2 |     4 |       ||     6
       Broad axe         |       |       |       |    80 |       ||    80
       Executioner's axe |       |       |       |    50 |   198 ||   248
       Lance             |       |       |       |    48 |       ||    48
Throw: Tomahawk          |     2 |     7 |       |       |       ||     9
       Throwing net      |       |       |       |     4 |       ||     4
Invok: Heroism           |       |       |     4 |    39 |    12 ||    55
       Finesse           |       |       |       |     3 |     6 ||     9
  Use: Potion            |       |     1 |     4 |     1 |     3 ||     9
       Scroll            |       |       |       |    16 |     3 ||    19
 Stab: Held in net/web   |       |       |       |     4 |       ||     4
       Distracted        |       |       |       |       |     1 ||     1
  Eat: Chunk             |       |       |     8 |     4 |    23 ||    35
       Royal jelly       |       |       |     1 |     1 |     1 ||     3
       Meat ration       |       |       |       |     2 |       ||     2
       Fruit             |       |       |       |     4 |       ||     4
Armor: Leather armour    |     9 |       |       |       |       ||     9
       Ring mail         |     1 |    40 |    14 |       |       ||    55
       Skin              |       |       |    39 |       |       ||    39
       Chain mail        |       |       |   121 |    75 |    29 ||   225
       Plate armour      |       |       |     8 |   159 |    37 ||   204
Dodge: Dodged            |    30 |    57 |   142 |   272 |    93 ||   594
